MID
LEXINGTON LEGENDS @ WEST MICHIGAN WHITECAPS
09/07/2044
 
TOP OF THE 1ST
Lexington Legends batting - Pitching for West Michigan Whitecaps : RHP Luke Totzke
Pitching: RHP Luke Totzke
Batting: RHB Matt Belgard 0-0: Foul Ball, location: 2F
0-1: Ground out 5-3 (Groundball, 56, EV 102.5 MPH)
Batting: RHB Yi-lin Niu 0-0: Swinging Strike
0-1: Ground out 6-3 (Groundball, 6, EV 85.6 MPH)
Batting: RHB Kevin Roseen 0-0: Ball
1-0: Ball
2-0: Foul Ball, location: 2F
2-1: Ball
3-1: Swinging Strike
3-2: Strikes out swinging
Top of the 1st over - 0 runs, 0 hits, 0 errors, 0 left on base; Lexington 0 - West Michigan 0
BOTTOM OF THE 1ST
West Michigan Whitecaps batting - Pitching for Lexington Legends : RHP Gabe Torres
Pitching: RHP Gabe Torres
Batting: SHB Adam Weber 0-0: Called Strike
0-1: Ball
1-1: Ball
2-1: Foul Ball, location: 2F
2-2: Foul Ball, location: 2F
2-2: SINGLE (Flyball, 56D, EV 87.5 MPH)
Batting: RHB Mike Olsen 0-0: 2-RUN HOME RUN (Flyball, 7D, EV 103.8 MPH), Distance : 386 ft
Batting: SHB Andy Vivas 0-0: Ground out 6-3 (Groundball, 6S, EV 84.4 MPH)
Batting: RHB Bill Cabrera 0-0: Ball
1-0: Foul Ball, location: 2F
1-1: Ball
2-1: Ball
3-1: SOLO HOME RUN (Flyball, 78XD, EV 99.4 MPH), Distance : 404 ft
Batting: RHB Dusty Newman 0-0: SINGLE (Flyball, 34D, EV 93.8 MPH)
Batting: LHB Jeff Trapp 0-0: Called Strike
0-1: Foul Ball, location: 2F
0-2: Strikes out swinging
Batting: RHB Sergio Valbuena 0-0: Swinging Strike
0-1: Called Strike
0-2: Ball
1-2: Ball
2-2: Foul Ball, location: 2F
2-2: Strikes out swinging
Bottom of the 1st over - 3 runs, 4 hits, 0 errors, 1 left on base; Lexington 0 - West Michigan 3
TOP OF THE 2ND
Lexington Legends batting - Pitching for West Michigan Whitecaps : RHP Luke Totzke
Batting: RHB Justin Bonner 0-0: Called Strike
0-1: Foul Ball, location: 2F
0-2: Ball
1-2: Strikes out swinging
Batting: LHB Josh Moore 0-0: Called Strike
0-1: Swinging Strike
0-2: Foul Ball, location: 2F
0-2: Ball
1-2: DOUBLE (Line Drive, 8RXD, EV 105.6 MPH)
Batting: SHB Jason Anaya 0-0: Ball
1-0: Ground out 3-1 (Groundball, 34S, EV 61.3 MPH)
Josh Moore to third
Batting: RHB Andy Urquhart 0-0: Ball
1-0: Called Strike
1-1: Ball
2-1: Ball
3-1: Called Strike
3-2: Foul Ball, location: 2F
3-2: Fly out, F7 (Flyball, 7, EV 97.5 MPH)
Top of the 2nd over - 0 runs, 1 hit, 0 errors, 1 left on base; Lexington 0 - West Michigan 3
BOTTOM OF THE 2ND
West Michigan Whitecaps batting - Pitching for Lexington Legends : RHP Gabe Torres
Pitching: RHP Matt Voulgaris
Batting: RHB Tommy McDonald 0-0: SINGLE (Groundball, 3D, EV 101.3 MPH)
Batting: RHB Riley Menger 0-0: Ball
1-0: Called Strike
1-1: Foul Ball, location: 2F
1-2: Ball
2-2: Strikes out swinging
Batting: SHB Adam Weber 0-0: SINGLE (Groundball, 4M, EV 101.9 MPH) (infield hit)
Tommy McDonald to second
Batting: RHB Mike Olsen 0-0: Ball
1-0: Ball
2-0: SINGLE (Groundball, 6MD, EV 94.4 MPH)
Tommy McDonald to third
Adam Weber to second
Runner from 3rd tries for Home, SAFE, throw by CF to home
Batting: SHB Andy Vivas 0-0: Ball
1-0: Foul Ball, location: 2F
1-1: Swinging Strike
1-2: Ball
2-2: Strikes out swinging
Batting: RHB Bill Cabrera 0-0: Ball
1-0: Ball
2-0: Swinging Strike
2-1: Called Strike
2-2: DOUBLE (Flyball, 89XD, EV 113.8 MPH)
Adam Weber scores
Mike Olsen to third
Runner from 3rd tries for Home, SAFE, throw by CF to home
Pitching: LHP Joel Page
Batting: RHB Dusty Newman 0-0: Called Strike
0-1: Called Strike
0-2: Ground out 5-3 (Groundball, 5, EV 83.1 MPH)
Bottom of the 2nd over - 3 runs, 4 hits, 0 errors, 1 left on base; Lexington 0 - West Michigan 6
TOP OF THE 3RD
Lexington Legends batting - Pitching for West Michigan Whitecaps : RHP Luke Totzke
Now at 1B: Jamie Bass
Batting: RHB Dante McCauley 0-0: Swinging Strike
0-1: Swinging Strike
0-2: Ball
1-2: Strikes out swinging
Batting: RHB Matt Tittle 0-0: Called Strike
0-1: Foul Ball, location: 2F
0-2: Ball
1-2: Strikes out looking
Batting: RHB Matt Belgard 0-0: Swinging Strike
0-1: Ball
1-1: Called Strike
1-2: Strikes out looking
Top of the 3rd over - 0 runs, 0 hits, 0 errors, 0 left on base; Lexington 0 - West Michigan 6
BOTTOM OF THE 3RD
West Michigan Whitecaps batting - Pitching for Lexington Legends : LHP Joel Page
Batting: LHB Jeff Trapp 0-0: Called Strike
0-1: Ball
1-1: SINGLE (Groundball, 4, EV 98.8 MPH)
Batting: RHB Sergio Valbuena Pickoff Throw to First - Error! E1
Jeff Trapp to second
0-0: Ball
1-0: Ball
2-0: Foul Ball, location: 2F
2-1: 2-RUN HOME RUN (Flyball, 7LD, EV 91.9 MPH), Distance : 337 ft
Batting: RHB Jamie Bass 0-0: Called Strike
0-1: Foul Ball, location: 2F
0-2: Fly out, F7 (Flyball, 7S, EV 80.0 MPH)
Batting: RHB Riley Menger 0-0: Swinging Strike
0-1: Called Strike
0-2: Ball
1-2: Strikes out swinging
Batting: SHB Adam Weber 0-0: Ball
1-0: Ball
2-0: Called Strike
2-1: Ball
3-1: Called Strike
3-2: Foul Ball, location: 2F
3-2: Base on Balls
Pitching: RHP Brian Straub
Batting: RHB Mike Olsen 0-0: Reached on error, E5 (Flyball, 5D, EV 83.8 MPH)
Adam Weber to second
Batting: SHB Andy Vivas 0-0: SINGLE (Groundball, 6M, EV 89.4 MPH) (infield hit)
Adam Weber to third
Mike Olsen to second
Batting: RHB Bill Cabrera 0-0: Called Strike
0-1: Swinging Strike
0-2: Foul Ball, location: 2F
0-2: Ball
1-2: Strikes out swinging
Bottom of the 3rd over - 2 runs, 3 hits, 2 errors, 3 left on base; Lexington 0 - West Michigan 8
TOP OF THE 4TH
Lexington Legends batting - Pitching for West Michigan Whitecaps : RHP Luke Totzke
Batting: RHB Yi-lin Niu 0-0: Ball
1-0: Ball
2-0: Called Strike
2-1: Foul Ball, location: 2F
2-2: Ball
3-2: Strikes out swinging
Batting: RHB Kevin Roseen 0-0: Ball
1-0: Ball
2-0: Ground out 5-3 (Groundball, 56, EV 90.6 MPH)
Batting: RHB Justin Bonner 0-0: Called Strike
0-1: Ball
1-1: Swinging Strike
1-2: Strikes out swinging
Top of the 4th over - 0 runs, 0 hits, 0 errors, 0 left on base; Lexington 0 - West Michigan 8
BOTTOM OF THE 4TH
West Michigan Whitecaps batting - Pitching for Lexington Legends : RHP Brian Straub
Batting: RHB Dusty Newman 0-0: Swinging Strike
0-1: Ball
1-1: Called Strike
1-2: Foul Ball, location: 2F
1-2: Foul Ball, location: 2F
1-2: Foul Ball, location: 2F
1-2: Strikes out swinging
Batting: LHB Jeff Trapp 0-0: Ball
1-0: Ground out U3 (Groundball, 3S, EV 82.5 MPH)
Batting: RHB Sergio Valbuena 0-0: Called Strike
0-1: Swinging Strike
0-2: Strikes out looking
Bottom of the 4th over - 0 runs, 0 hits, 0 errors, 0 left on base; Lexington 0 - West Michigan 8
TOP OF THE 5TH
Lexington Legends batting - Pitching for West Michigan Whitecaps : RHP Luke Totzke
Batting: LHB Josh Moore 0-0: Ball
1-0: Foul Ball, location: 2F
1-1: Foul Ball, location: 2F
1-2: Ball
2-2: Foul Ball, location: 2F
2-2: Foul Ball, location: 2F
2-2: Strikes out swinging
Batting: SHB Jason Anaya 0-0: Foul Ball, location: 2F
0-1: Foul Ball, location: 2F
0-2: Ball
1-2: Ball
2-2: SINGLE (Line Drive, 7S, EV 91.3 MPH)
Batting: RHB Andy Urquhart 0-0: Called Strike
Jason Anaya is caught stealing 2nd base 2-4
0-1: Foul Ball, location: 2F
0-2: Foul Ball, location: 2F
0-2: Strikes out swinging
Top of the 5th over - 0 runs, 1 hit, 0 errors, 0 left on base; Lexington 0 - West Michigan 8
BOTTOM OF THE 5TH
West Michigan Whitecaps batting - Pitching for Lexington Legends : RHP Brian Straub
Pitching: LHP Ken Milhouse
Batting: RHB Jamie Bass 0-0: Foul Ball, location: 2F
0-1: Ball
1-1: Ball
2-1: Ball
3-1: Base on Balls
Batting: RHB Riley Menger 0-0: Foul Ball, location: 2F
0-1: Foul Ball, location: 2F
0-2: Ball
1-2: Foul Ball, location: 2F
1-2: Grounds into double play, 4-6-3 (Groundball, 4, EV 83.8 MPH)
Batting: SHB Adam Weber 0-0: Called Strike
0-1: Ball
1-1: Ball
2-1: Ball
3-1: Base on Balls
Batting: RHB Mike Olsen 0-0: Ball
1-0: Foul Ball, location: 2F
1-1: Swinging Strike
1-2: Ball
2-2: SINGLE (Groundball, 6, EV 96.9 MPH)
Adam Weber to second
Pitching: RHP Alex Sanders
Batting: SHB Andy Vivas 0-0: Ball
1-0: Ball
2-0: Called Strike
2-1: Foul Ball, location: 2F
2-2: SINGLE (Groundball, 34D, EV 100.6 MPH)
Adam Weber to third
Mike Olsen to second
Runner from 3rd tries for Home, SAFE, throw by RF to home
Batting: RHB Bill Cabrera 0-0: Foul Ball, location: 2F
0-1: Foul Ball, location: 2F
0-2: Foul Ball, location: 2F
0-2: Ball
1-2: SINGLE (Groundball, 4M, EV 103.8 MPH) (infield hit)
Mike Olsen to third
Andy Vivas to second
Batting: RHB Dusty Newman 0-0: Ball
1-0: SINGLE (Groundball, 4MD, EV 102.5 MPH)
Mike Olsen scores
Andy Vivas to third
Bill Cabrera to second
Runner from 3rd tries for Home, SAFE, throw by CF to home
Batting: LHB Jeff Trapp 0-0: Ball
1-0: Ball
2-0: Ball
3-0: Called Strike
3-1: Foul Ball, location: 2F
3-2: Foul Ball, location: 2F
3-2: Base on Balls
Bill Cabrera to third
Dusty Newman to second
Pitching: RHP Rick Young
Batting: RHB Sergio Valbuena 0-0: Foul Ball, location: 2F
0-1: Swinging Strike
0-2: Ball
1-2: Fly out, F9 (Flyball, 9LM, EV 110.6 MPH)
Bottom of the 5th over - 3 runs, 4 hits, 0 errors, 3 left on base; Lexington 0 - West Michigan 11
TOP OF THE 6TH
Lexington Legends batting - Pitching for West Michigan Whitecaps : RHP Luke Totzke
Batting: RHB Dante McCauley 0-0: Called Strike
0-1: Ball
1-1: Ball
2-1: Ball
3-1: Called Strike
3-2: Strikes out swinging
Batting: RHB Matt Tittle 0-0: Called Strike
0-1: Called Strike
0-2: Ground out 6-3 (Groundball, 6, EV 110.6 MPH)
Batting: RHB Matt Belgard 0-0: Called Strike
0-1: Called Strike
0-2: Ball
1-2: Ball
2-2: Strikes out looking
Top of the 6th over - 0 runs, 0 hits, 0 errors, 0 left on base; Lexington 0 - West Michigan 11
BOTTOM OF THE 6TH
West Michigan Whitecaps batting - Pitching for Lexington Legends : RHP Rick Young
Batting: RHB Jamie Bass 0-0: SINGLE (Groundball, 56D, EV 100.6 MPH)
Batting: RHB Riley Menger 0-0: Ball
1-0: Ball
2-0: Called Strike
2-1: SINGLE (Groundball, 4MD, EV 108.8 MPH)
Jamie Bass to second
Batting: SHB Adam Weber 0-0: Ball
1-0: Ball
2-0: Ball
3-0: Called Strike
3-1: Base on Balls
Jamie Bass to third
Riley Menger to second
Batting: RHB Mike Olsen 0-0: Foul Ball, location: 2F
0-1: Swinging Strike
0-2: Ball
1-2: Ball
2-2: Strikes out swinging
Pitching: RHP Alex Cid
Batting: SHB Andy Vivas 0-0: Ball
1-0: Called Strike
1-1: Fly out, F6 (Popup, 6MS, EV 68.1 MPH)
Batting: RHB Bill Cabrera 0-0: Swinging Strike
0-1: Foul Ball, location: 2F
0-2: Ball
1-2: Strikes out swinging
Bottom of the 6th over - 0 runs, 2 hits, 0 errors, 3 left on base; Lexington 0 - West Michigan 11
TOP OF THE 7TH
Lexington Legends batting - Pitching for West Michigan Whitecaps : RHP Luke Totzke
Batting: RHB Yi-lin Niu 0-0: Foul Ball, location: 2F
0-1: Swinging Strike
0-2: Strikes out swinging
Batting: RHB Kevin Roseen 0-0: DOUBLE (Flyball, 89D, EV 103.1 MPH)
Batting: RHB Justin Bonner 0-0: Ball
1-0: Called Strike
1-1: Ball
2-1: Ball
3-1: Called Strike
3-2: Foul Ball, location: 2F
3-2: Base on Balls
Batting: LHB Josh Moore 0-0: Called Strike
0-1: Swinging Strike
0-2: Ball
1-2: DOUBLE (Line Drive, 5D, EV 101.9 MPH)
Kevin Roseen scores
Justin Bonner to third
Runner from 3rd tries for Home, SAFE, no throw by LF
Pitching: RHP David Esposito
Batting: SHB Jason Anaya 0-0: Ball
1-0: Ball
2-0: Ball
3-0: Called Strike
3-1: Base on Balls
Batting: RHB Andy Urquhart 0-0: Foul Ball, location: 2F
0-1: Fly out, F8 (Flyball, 78XD, EV 85.0 MPH)
Runner from 2nd tags up, SAFE at 3rd, no throw by CF
Batting: RHB Dante McCauley 0-0: Foul Ball, location: 2F
0-1: Ball
1-1: Swinging Strike
1-2: Strikes out looking
Top of the 7th over - 2 runs, 2 hits, 0 errors, 2 left on base; Lexington 2 - West Michigan 11
BOTTOM OF THE 7TH
West Michigan Whitecaps batting - Pitching for Lexington Legends : RHP Alex Cid
Batting: RHB Dusty Newman 0-0: Called Strike
0-1: Called Strike
0-2: Ball
1-2: SINGLE (Groundball, 4D, EV 109.4 MPH)
Batting: LHB Jeff Trapp 0-0: Foul Ball, location: 2F
0-1: Ball
1-1: Ball
Wild Pitch!
Dusty Newman to second
2-1: Foul Ball, location: 2F
2-2: Ball
3-2: Ground out 6-3 (Groundball, 6, EV 86.9 MPH)
Batting: RHB Sergio Valbuena 0-0: Called Strike
0-1: Ground out 5-3 (Groundball, 56D, EV 86.3 MPH)
Batting: RHB Jamie Bass 0-0: Called Strike
0-1: Ground out 6-3 (Groundball, 6, EV 103.1 MPH)
Bottom of the 7th over - 0 runs, 1 hit, 0 errors, 1 left on base; Lexington 2 - West Michigan 11
TOP OF THE 8TH
Lexington Legends batting - Pitching for West Michigan Whitecaps : RHP David Esposito
Batting: RHB Matt Tittle 0-0: Called Strike
0-1: Foul Ball, location: 2F
0-2: Ground out 6-3 (Groundball, 6, EV 79.4 MPH)
Batting: RHB Matt Belgard 0-0: Called Strike
0-1: Called Strike
0-2: Ground out 6-3 (Groundball, 56, EV 102.5 MPH)
Batting: RHB Yi-lin Niu 0-0: Ball
1-0: Foul Ball, location: 2F
1-1: Ground out 5-3 (Groundball, 56, EV 105.0 MPH)
Top of the 8th over - 0 runs, 0 hits, 0 errors, 0 left on base; Lexington 2 - West Michigan 11
BOTTOM OF THE 8TH
West Michigan Whitecaps batting - Pitching for Lexington Legends : RHP Alex Cid
Batting: RHB Riley Menger 0-0: Ball
1-0: Called Strike
1-1: DOUBLE (Line Drive, 89D, EV 103.8 MPH)
Batting: SHB Adam Weber 0-0: Called Strike
0-1: Foul Ball, location: 2F
0-2: Ball
1-2: Ball
2-2: Foul Ball, location: 2F
2-2: Ball
3-2: Base on Balls
Batting: RHB Mike Olsen 0-0: Ball
1-0: Ball
2-0: Called Strike
2-1: Ball
3-1: Base on Balls
Riley Menger to third
Adam Weber to second
Batting: SHB Andy Vivas 0-0: GRAND SLAM HOME RUN (Flyball, 89XD, EV 112.5 MPH), Distance : 420 ft
Pitching: RHP Allen Crenshaw
Batting: RHB Bill Cabrera 0-0: Foul Ball, location: 2F
0-1: Ball
1-1: Ball
2-1: Called Strike
2-2: Foul Ball, location: 2F
2-2: Foul Ball, location: 2F
2-2: Ball
3-2: SOLO HOME RUN (Flyball, 7LD, EV 98.1 MPH), Distance : 352 ft
Batting: RHB Dusty Newman 0-0: Swinging Strike
0-1: Foul Ball, location: 2F
0-2: Foul Ball, location: 2F
0-2: Ball
1-2: Ball
2-2: Ball
3-2: Foul Ball, location: 2F
3-2: Foul Ball, location: 2F
3-2: SINGLE (Groundball, 56D, EV 94.4 MPH)
Batting: LHB Jeff Trapp 0-0: Ball
1-0: Ball
2-0: Ball
3-0: Called Strike
3-1: Base on Balls
Dusty Newman to second
Batting: RHB Sergio Valbuena 0-0: Called Strike
0-1: Swinging Strike
0-2: Ball
1-2: Foul Ball, location: 2F
1-2: Foul Ball, location: 2F
1-2: Ball
2-2: Ball
3-2: Base on Balls
Dusty Newman to third
Jeff Trapp to second
Batting: RHB Jamie Bass 0-0: Called Strike
0-1: SINGLE (Groundball, 34D, EV 101.3 MPH)
Dusty Newman scores
Jeff Trapp to third
Sergio Valbuena to second
Batting: RHB Riley Menger 0-0: Ball
1-0: Ball
2-0: Ball
3-0: Called Strike
3-1: Base on Balls
Jeff Trapp scores
Sergio Valbuena to third
Jamie Bass to second
Batting: SHB Adam Weber 0-0: Ball
1-0: Ball
2-0: SINGLE (Groundball, 3D, EV 98.1 MPH)
Sergio Valbuena scores
Jamie Bass to third
Riley Menger to second
Batting: RHB Mike Olsen 0-0: Ball
Wild Pitch!
Jamie Bass scores
Riley Menger to third
Adam Weber to second
1-0: DOUBLE (Flyball, 89XD, EV 101.3 MPH)
Riley Menger scores
Adam Weber scores
Batting: SHB Andy Vivas 0-0: Called Strike
0-1: SINGLE (Line Drive, 89S, EV 90.6 MPH)
Mike Olsen to third
Throwing error, E9
Mike Olsen scores
Andy Vivas to second
Batting: RHB Bill Cabrera 0-0: 2-RUN HOME RUN (Flyball, 7LD, EV 95.0 MPH), Distance : 368 ft
Batting: RHB Dusty Newman 0-0: DOUBLE (Line Drive, 7LM, EV 106.3 MPH)
Batting: LHB Jeff Trapp 0-0: Ball
1-0: Ball
2-0: Ground out 6-3 (Groundball, 6, EV 87.5 MPH)
Batting: RHB Sergio Valbuena 0-0: Fly out, F9 (Flyball, 9LS, EV 94.4 MPH)
Batting: RHB Jamie Bass 0-0: Ground out 4-3 (Groundball, 4, EV 102.5 MPH)
Bottom of the 8th over - 14 runs, 10 hits, 1 error, 1 left on base; Lexington 2 - West Michigan 25
TOP OF THE 9TH
Lexington Legends batting - Pitching for West Michigan Whitecaps : RHP David Esposito
Batting: RHB Kevin Roseen 0-0: Ball
1-0: Ball
2-0: Foul Ball, location: 2F
2-1: Foul Ball, location: 2F
2-2: Strikes out swinging
Batting: RHB Justin Bonner 0-0: Called Strike
0-1: Ball
1-1: Swinging Strike
1-2: Ball
2-2: Ball
3-2: Base on Balls
Pitching: RHP Bobby Kosmicki
Batting: LHB Josh Moore 0-0: Ball
1-0: Ball
2-0: Ball
3-0: Called Strike
3-1: Called Strike
3-2: Foul Ball, location: 2F
3-2: Strikes out swinging
Batting: SHB Jason Anaya 0-0: Swinging Strike
0-1: Ball
1-1: Ball
2-1: Ground out 6-3 (Groundball, 6D, EV 106.9 MPH)
Top of the 9th over - 0 runs, 0 hits, 0 errors, 1 left on base; Lexington 2 - West Michigan 25
Thursday, March 31st , 2022 - OOTP Baseball 22.12 Build 89